 Dungeon Crawl Stone Soup version 0.21.1-1-g345015f (webtiles) character file.

1612 inc the Thaumaturge (level 8, 0/55 HPs)
             Began as an Octopode Venom Mage on June 12, 2018.
             Was an Initiate of Gozag.
             Slain by a centaur (9 damage)
             ... on level 7 of the Dungeon.
             The game lasted 00:13:35 (8412 turns).

inc the Thaumaturge (Octopode Venom Mage)           Turns: 8412, Time: 00:13:37

Health: 0/55       AC:  1    Str:  8    XL:     8   Next: 95%
Magic:  16/21      EV: 13    Int: 19    God:    Gozag
Gold:   597        SH:  0    Dex: 12    Spells: 19/25 levels left

rFire    + . .     SeeInvis .   j - +5 whip (venom)
rCold    . . .     Gourm    .   (no shield)
rNeg     . . .     Faith    .   (helmet restricted)
rPois    .         Spirit   .   (no amulet)
rElec    .         Reflect  .   p - ring of protection from fire
rCorr    .         Harm     .   (no ring)
MR       .....                  (no ring)
Stlth    +++.......             (no ring)
HPRegen  0.18/turn              (no ring)
MPRegen  0.17/turn              (no ring)
                                (no ring)
                                (no ring)

@: no status effects
A: almost no armour, stealthy swim, amphibious, 8 rings, constrict 8, camouflage
1, gelatinous body 1
a: Potion Petition, Call Merchant, Bribe Branch, Renounce Religion


You were on level 7 of the Dungeon.
You worshipped Gozag.
Gozag was pleased with you.
You were not hungry.

You visited 2 branches of the dungeon, and saw 8 of its levels.

You collected 636 gold pieces.
You paid 39 gold pieces to Gozag.

Inventory:

Hand Weapons
 d - a +0 whip
 j - a +5 whip of venom (weapon)
 t - a -1 long sword of electrocution
Jewellery
 n - a -3 ring of dexterity
 p - a ring of protection from fire (left tentacle)
Wands
 x - a wand of enslavement (8)
Scrolls
 b - 2 scrolls of remove curse
 e - a scroll of fog {unknown}
 f - 7 scrolls of enchant armour
 h - a scroll of enchant weapon
 k - a scroll of fear {unknown}
 o - a scroll of identify
 q - a scroll of random uselessness {unknown}
 s - a scroll of blinking
 v - a scroll of summoning {unknown}
Potions
 g - a potion of brilliance
 i - 3 potions of degeneration
 l - a potion of agility {unknown}
 m - 2 potions of lignification
 r - 2 potions of flight
 u - a potion of mutation
 w - a potion of heal wounds {unknown}
Books
 a - a Young Poisoner's Handbook

   Spells                             Type                      Level
   a - Sting                          Conjuration/Poison           1
   b - Poisonous Vapours              Poison/Air                   2
   c - Mephitic Cloud                 Conjuration/Poison/Air       3
   d - Olgreb's Toxic Radiance        Poison                       4
   e - Venom Bolt                     Conjuration/Poison           5
Comestibles
 c - 9 rations


   Skills:
 + Level 5.3 Fighting
 - Level 2.0 Dodging
 - Level 2.6 Stealth
 - Level 9.0 Spellcasting
 - Level 1.0 Conjurations
 - Level 3.6 Poison Magic


You had 19 spell levels left.
You knew the following spells:

 Your Spells              Type           Power        Failure   Level  Hunger
a - Sting                 Conj/Pois      ###.         3%          1    None
b - Poisonous Vapours     Pois/Air       ###...       6%          2    None
c - Mephitic Cloud        Conj/Pois/Air  ##......     13%         3    None


Dungeon Overview and Level Annotations

Branches:
Dungeon (7/15)             Temple (1/1) D:4

Altars:
Ashenzari
Cheibriados
Dithmenos
Elyvilon
Fedhas
Gozag
Kikubaaqudgha
Makhleb
Okawaru
Qazlal
Ru
Sif Muna
Trog
Uskayaw
Vehumet
Wu Jian
Xom
Zin
The Shining One

Annotations:
D:7 inc's ghost, novice OpTm


Innate Abilities, Weirdness & Mutations

You cannot wear most types of armour.
You are very stealthy in the water. (Stealth+)
You are amphibious.
You can wear up to eight rings at the same time.
You can use your tentacles to constrict eight enemies at once.
Your skin changes colour to match your surroundings (Stealth+).
Your rubbery body absorbs attacks. (AC +1, EV +1)


Message History

The centaur hits you!
Casting: Poisonous Vapours
Confirm with . or Enter, or press ? or * to list all spells.
Aiming: Poisonous Vapours
Press: ? - help, Dir - move target cursor, f/p - centaur
Aim: a centaur (moderately wounded) Poisonous vapours surround the centaur!
The centaur is engulfed in poison gas.
The centaur is poisoned.
The centaur hits you.
Casting: Poisonous Vapours
Confirm with . or Enter, or press ? or * to list all spells.
Aiming: Poisonous Vapours
Press: ? - help, Dir - move target cursor, f/p - centaur
Aim: a centaur (heavily wounded, poisoned) Poisonous vapours surround the centaur!
The centaur looks even sicker.
The centaur hits you!
* * * LOW HITPOINT WARNING * * *
The centaur is engulfed in poison gas.
The centaur looks even sicker.
The centaur hits you!
You die...
Your body crumbles into a pile of gold.

##.## .....
##.## #.....
#..# #......
##.###....c..
##........[.
#..(.......
#(##.......
#c# .......
#@##.......
#..#.......
#..#.......
#..#......?
######.....


You could see a centaur.

Vanquished Creatures
  Menkaure (D:5)
  2 ogres (D:5)
  3 centaurs
  3 bullfrogs (D:6)
  2 scorpions (D:4)
  4 crimson imps
  An orc priest (D:6)
  3 jellies
  A hound (D:5)
  A bullfrog skeleton (D:4)
  An iguana (D:7)
  4 worker ants
  2 orc wizards (D:4)
  8 gnolls
  11 adders
  2 worms (D:3)
  3 dart slugs
  8 leopard geckos
  27 orcs
  14 bats
  4 giant cockroaches
  4 goblins
  6 hobgoblins
  5 jackals
  2 quokkas
  A ball python (D:1)
  9 frilled lizards
  5 kobolds
  A quokka skeleton (D:6)
  8 rats
146 creatures vanquished.

Notes
Turn   | Place    | Note
-------+----------+-------------------------------------------
     0 | D:1      | inc the Octopode Venom Mage began the quest for the Orb.
     0 | D:1      | Reached XP level 1. HP: 11/11 MP: 3/3
   104 | D:1      | Reached XP level 2. HP: 14/17 MP: 1/5
   307 | D:1      | Reached skill level 3 in Spellcasting
   512 | D:1      | Reached XP level 3. HP: 21/21 MP: 3/7
   935 | D:2      | Learned a level 2 spell: Poisonous Vapours
   939 | D:2      | Learned a level 3 spell: Mephitic Cloud
   995 | D:2      | Reached skill level 4 in Spellcasting
   995 | D:2      | Reached XP level 4. HP: 22/27 MP: 0/10
  1764 | D:2      | Found a glowing golden altar of the Shining One.
  1913 | D:3      | Reached XP level 5. HP: 31/31 MP: 4/12
  2040 | D:3      | Found a white marble altar of Elyvilon.
  2164 | D:3      | Reached skill level 5 in Spellcasting
  2567 | D:3      | Reached XP level 6. HP: 33/36 MP: 2/14
  3458 | D:4      | Reached skill level 6 in Spellcasting
  3481 | D:4      | Found a staircase to the Ecumenical Temple.
  3493 | Temple   | Entered the Ecumenical Temple
  3706 | D:5      | Entered Level 5 of the Dungeon
  3722 | D:4      | Found an iron altar of Okawaru.
  3882 | D:4      | Found a blossoming altar of Fedhas.
  3983 | D:4      | Found an opulent altar of Gozag.
  3986 | D:4      | Became a worshipper of Gozag Ym Sagoz the Greedy
  4384 | D:4      | Reached XP level 7. HP: 41/41 MP: 5/17
  5385 | D:5      | Reached skill level 7 in Spellcasting
  5575 | D:5      | Noticed Menkaure
  5596 | D:5      | Killed Menkaure
  5596 | D:5      | Reached skill level 8 in Spellcasting
  6232 | D:5      | Found a deep blue altar of Sif Muna.
  6321 | D:5      | Reached XP level 8. HP: 26/46 MP: 9/20
  6755 | D:6      | Reached skill level 9 in Spellcasting
  6763 | D:6      | Reached skill level 1 in Fighting
  7347 | D:6      | Found a shattered altar of Ashenzari.
  7364 | D:6      | Found a bloodstained altar of Trog.
  7367 | D:6      | Found a sacrificial altar of Ru.
  8026 | D:7      | Reached skill level 5 in Fighting
  8227 | D:7      | Noticed inc's ghost (novice OpTm)
  8412 | D:7      | Slain by a centaur

Skill      XL: |  1  2  3  4  5  6  7  8 |
---------------+-------------------------+-----
Spellcasting   | 3 4 5 6 8 9 |  9.0
Fighting       | 5 |  5.3
Dodging        | |  2.0
Stealth        | |  2.6
Conjurations   | |  1.0
Poison Magic   | |  3.6

Action                   |  1- 3 |  4- 6 |  7- 9 || total
-------------------------+-------+-------+-------++-------
Melee: Whip              |    26 |    50 |    55 ||   131
       Constrict         |     9 |    15 |     9 ||    33
       Unarmed           |     1 |       |       ||     1
       Tentacles         |       |     5 |     8 ||    13
 Cast: Sting             |    45 |     5 |     1 ||    51
       Poisonous Vapours |     4 |    92 |    98 ||   194
  Use: Scroll            |       |     4 |     4 ||     8
       Potion            |       |       |     4 ||     4
 Stab: Sleeping          |     1 |     2 |     2 ||     5
       Distracted        |       |     1 |       ||     1
  Eat: Chunk             |       |    11 |       ||    11
       Ration            |       |       |     4 ||     4
Armor: Skin              |     8 |     3 |     7 ||    18
Dodge: Dodged            |    28 |    48 |    56 ||   132
